 Dungeon Crawl Stone Soup version 0.27-a0-1324-ge0d8e047f6 (webtiles) character file.

Game seed: 8613800466551893327

9695 27snakeeyes612 the Fighter (level 11, -5/102 HPs)
             Began as a Minotaur Berserker on June 23, 2021.
             Was a High Priest of Trog.
             Killed from afar by an electric eel (7 damage)
             ... with a bolt of electricity
             ... while paralysed by a hornet
             ... on level 11 of the Dungeon.
             The game lasted 00:08:12 (12873 turns).

27snakeeyes612 the Fighter (Minotaur Berserker)    Turns: 12873, Time: 00:08:13

Health: -5/102     AC: 16    Str: 25    XL:     11   Next: 26%
Magic:  10/10      EV:  2    Int:  4    God:    Trog [*****.]
Gold:   202        SH:  0    Dex: 13    Spells: 10/10 levels left

rFire    . . .     SeeInvis +   l - +6 morningstar of Deformation {vorpal, Dex+3 SInv}
rCold    + . .     Faith    +   D - +2 kite shield "Atiro" {rF+ Stlth+}
rNeg     . . .     Spirit   .   F - +0 plate armour
rPois    .         Reflect  .   (helmet restricted)
rElec    .         Harm     .   (no cloak)
rCorr    +         Rampage  .   o - +0 pair of gloves
Will     .....                  (no boots)
Stlth    ..........             u - amulet of faith
HPRegen  0.27/turn              j - ring of ice
MPRegen  0.12/turn              y - ring of resist corrosion

@: paralysed, lethally poisoned (-5 -> -7), studying Staves
A: horns 2, retaliatory headbutt
a: Renounce Religion, Berserk, Trog's Hand, Brothers in Arms


You were on level 11 of the Dungeon.
You worshipped Trog.
Trog was extremely pleased with you.
You visited 1 branch of the dungeon, and saw 11 of its levels.

You collected 445 gold pieces.
You spent 243 gold pieces at shops.

Inventory:

Hand Weapons
 a - a +0 hand axe
 d - a +2 war axe of freezing
 e - a +2 whip of flaming
 l - the +6 morningstar of Deformation (weapon) {vorpal, Dex+3 SInv}
   (You bought it in a shop on level 9 of the Dungeon)

   It inflicts extra damage upon your enemies.
   It affects your dexterity (+3).
   It lets you see invisible.
 w - a +4 battleaxe
Missiles
 A - a throwing net
Armour
 b - a +0 animal skin
 g - a +0 chain mail
 o - a +0 pair of gloves (worn)
 s - a +2 buckler
 D - the +2 kite shield "Atiro" (worn) {rF+ Stlth+}
   (You found it on level 8 of the Dungeon)

   It protects you from fire.
   It makes you more stealthy.
 F - a +0 plate armour (worn)
Jewellery
 j - a ring of ice (left hand)
 q - an amulet of magic regeneration
 u - an amulet of faith (around neck)
 x - an amulet of reflection
 y - a ring of resist corrosion (right hand)
Wands
 v - a wand of digging (6)
 C - a wand of acid (3)
Scrolls
 f - 3 scrolls of teleportation
 i - a scroll of enchant weapon {unknown}
 p - 2 scrolls of amnesia
 r - a scroll of enchant armour
 z - 2 scrolls of noise
 B - a scroll of magic mapping
 H - a scroll of fear {unknown}
Potions
 c - 8 potions of curing
 h - 3 potions of haste
 k - 2 potions of lignification
 m - 2 potions of brilliance
 n - 3 potions of degeneration
 t - a potion of resistance
 E - a potion of heal wounds


   Skills:
 + Level 11.0 Fighting
 - Level 10.2(10.6) Axes
 + Level 4.4(8.0) Maces & Flails
 + Level 10.4 Armour
 + Level 9.6 Dodging
 - Level 0.1 Stealth
 + Level 3.8 Shields


You had 10 spell levels left.
You didn't know any spells.
Your spell library was empty.

Dungeon Overview and Level Annotations

Branches:
Dungeon (11/15)            Temple (0/1) D:6            Lair (0/6) D:11
    Orc (0/2) D:9

Altars:
Cheibriados
Gozag
Hepliaklqana
Qazlal
Ru
Trog
Uskayaw
Vehumet
Wu Jian
The Shining One

Shops:
D:8 [   D:9 (*


Innate Abilities, Weirdness & Mutations

You have a pair of horns on your head.
You reflexively headbutt those who attack you in melee.


Message History

The electric eel shoots out a bolt of lightning at you!
The bolt of electricity hits the electric eel.
The electric eel completely resists.
The bolt of electricity hits you.
You are too injured to fight recklessly!
You are too injured to fight recklessly!
You are too injured to fight recklessly!
You are too injured to fight recklessly!
You are too injured to fight recklessly!
You are too injured to fight recklessly!
You are too injured to fight recklessly!
You are too injured to fight recklessly!
You are too injured to fight recklessly!
You are too injured to fight recklessly!
You are too injured to fight recklessly!
You are too injured to fight recklessly!
You are too injured to fight recklessly!
You feel very sick.
The electric eel shoots out a bolt of lightning at you!
The bolt of electricity hits you.
* * * LOW HITPOINT WARNING * * *
The hornet closely misses you. You furiously retaliate!
You headbutt the hornet!
The hornet stings you but does no damage.
You feel yourself speed up.
You feel sick. The hornet stings you!
* * * LOW HITPOINT WARNING * * *
You suddenly lose the ability to move!
You feel sick.
The electric eel shoots out a bolt of lightning at you!
The bolt of electricity hits you but does no damage.
The bolt of electricity hits you!
* * * LOW HITPOINT WARNING * * *
The hornet stings you but does no damage.
You feel sick.
The hornet stings you but does no damage.
The electric eel shoots out a bolt of lightning at you!
The bolt of electricity hits you.
* * * LOW HITPOINT WARNING * * *
The bolt of electricity hits you!
You die...

≈ ≈..≈≈ ♣. ≈≈ ≈..≈
≈.##### ≈≈≈
..≈♣♣.##...##
≈≈≈≈♣....##.....##
≈≈≈≈≈....#..<.<..# ♣
≈≈≈≈;;≈..#.......# .♣♣
≈≈≈≈≈≈≈..#...<...#...♣
≈≈≈≈≈≈≈.y##..).)##....
.≈≈≈≈≈;..@##...##.....
..≈≈≈≈≈≈...#'''#......
...≈≈≈≈≈..............
...≈≈≈≈≈≈.............
......................
......................
...≈≈≈≈≈....P...P.P.P
...≈≈≈≈≈.P.P.P...P.P
..≈≈≈≈≈.P.P.P..>..P


You could see a hornet and 3 electric eels.

Vanquished Creatures
  A two-headed ogre (D:11)
  Pikel (D:8)
  A hornet (D:7)
  Prince Ribbit (D:8)
  A shadow (D:10)
  A wyvern (D:10)
  A vampire (D:9)
  2 wraiths
  17 yaks
  A hog (D:11)
  2 steam dragons
  2 water moccasins
  2 black bears
  4 sky beasts
  6 orc warriors
  A necrophage (D:6)
  5 ogres
  3 centaurs
  A lemure (D:8)
  5 bullfrogs
  A kobold brigand (D:10)
  A wyvern zombie (D:7)
  6 scorpions
  A wyvern skeleton (D:6)
  6 howler monkeys
  5 wights
  4 jellies
  A centaur skeleton (D:7)
  6 orc priests
  A hound (D:4)
  4 iguanas
  6 orc wizards
  A hound zombie (D:5)
  A howler monkey zombie (D:9)
  6 adders
  9 gnolls
  A shadow imp (D:5)
  A white imp (D:8)
  3 ufetubi
  3 worms
  3 dart slugs
  18 orcs
  10 endoplasms
  2 giant cockroaches
  11 hobgoblins
  8 jackals
  A quokka (D:5)
  5 ball pythons
  3 frilled lizards
  7 goblins
  15 kobolds
  6 rats
214 creatures vanquished.

Vanquished Creatures (collateral kills)
  A boulder beetle (D:9)
1 creature vanquished.

Vanquished Creatures (others)
  2 plants (D:2)
2 creatures vanquished.

Grand Total: 217 creatures vanquished

Notes
Turn   | Place    | Note
-------+----------+-------------------------------------------
     0 | D:1      | 27snakeeyes612 the Minotaur Berserker began the quest for
                  | the Orb.
     0 | D:1      | Reached XP level 1. HP: 19/19 MP: 0/0
   324 | D:1      | Reached XP level 2. HP: 27/27 MP: 1/1
   345 | D:1      | Reached skill level 4 in Fighting
   899 | D:2      | Reached XP level 3. HP: 33/33 MP: 2/2
   936 | D:2      | Found a faded altar of an unknown god.
  1105 | D:2      | Reached ** piety under Trog
  1533 | D:2      | Reached XP level 4. HP: 39/41 MP: 3/3
  1851 | D:3      | Found a stormy altar of Qazlal.
  1981 | D:3      | Found a radiant altar of Vehumet.
  2078 | D:3      | Found a bloodstained altar of Trog.
  2568 | D:3      | Reached skill level 5 in Axes
  2843 | D:3      | Reached XP level 5. HP: 32/47 MP: 4/4
  2942 | D:4      | Reached skill level 5 in Fighting
  3265 | D:4      | Found an opulent altar of Gozag.
  3577 | D:5      | Entered Level 5 of the Dungeon
  3577 | D:5      | Noticed an ogre
  3587 | D:4      | Killed an ogre
  3588 | D:4      | Reached XP level 6. HP: 42/56 MP: 5/5
  3769 | D:5      | Reached XP level 7. HP: 44/62 MP: 6/6
  3825 | D:5      | Reached skill level 6 in Fighting
  4112 | D:5      | Reached *** piety under Trog
  4360 | D:4      | Reached skill level 5 in Armour
  4580 | D:5      | Reached skill level 5 in Dodging
  4703 | D:5      | Reached XP level 8. HP: 46/71 MP: 7/7
  5051 | D:5      | Found a hazy altar of Hepliaklqana.
  5178 | D:5      | Reached skill level 7 in Fighting
  5633 | D:5      | Found a hide-covered altar of Uskayaw.
  5740 | D:5      | Found an ornate altar of the Wu Jian Council.
  6358 | D:6      | Reached skill level 8 in Fighting
  6359 | D:6      | HP: 5/111 [poisoned by an orc]
  6363 | D:6      | HP: 2/74 [poisoned by an orc]
  6742 | D:6      | Reached XP level 9. HP: 41/81 MP: 8/8
  6968 | D:6      | You fall into a shaft and drop 2 floors!
  7499 | D:7      | Reached **** piety under Trog
  7678 | D:6      | Found a staircase to the Ecumenical Temple.
  8542 | D:7      | Paralysed by a hornet for 3 turns
  8551 | D:7      | Reached skill level 9 in Fighting
  8950 | D:7      | Found a snail-covered altar of Cheibriados.
  8950 | D:7      | Found a sacrificial altar of Ru.
  9327 | D:8      | HP: 6/126 [yak (13)]
  9328 | D:8      | Reached XP level 10. HP: 6/91 MP: 9/9
  9728 | D:8      | Noticed Prince Ribbit
  9944 | D:8      | Killed Prince Ribbit
  9945 | D:8      | Reached skill level 10 in Axes
  9948 | D:8      | Found Ulosoh's Antique Armour Shoppe.
 10108 | D:8      | Found a glowing golden altar of the Shining One.
 10129 | D:8      | Noticed Pikel
 10132 | D:8      | Identified the +2 kite shield "Atiro" {rF+ Stlth+}
 10140 | D:8      | Killed Pikel
 10141 | D:8      | Reached skill level 10 in Fighting
 10542 | D:9      | Found Ydizi's Antique Weapon Emporium.
 10554 | D:9      | Identified a scroll of acquirement
 10554 | D:9      | Acquired a +2 war axe of freezing
 10561 | D:9      | Bought a scorched morningstar for 243 gold pieces
 10561 | D:9      | Identified the +6 morningstar of Deformation {vorpal, Dex+3
                  | SInv} (You bought it in a shop on level 9 of the Dungeon)
 10623 | D:9      | Found Iliesu's Assorted Antiques.
 10686 | D:9      | Reached ***** piety under Trog
 10967 | D:9      | Reached skill level 1 in Maces & Flails
 11184 | D:9      | Found a staircase to the Orcish Mines.
 11444 | D:9      | Noticed a boulder beetle
 11456 | D:9      | Killed a boulder beetle
 11457 | D:9      | Reached skill level 1 in Shields
 11694 | D:10     | Entered Level 10 of the Dungeon
 11715 | D:10     | Reached skill level 10 in Armour
 12014 | D:10     | Reached XP level 11. HP: 83/101 MP: 10/10
 12794 | D:11     | Found a staircase to the Lair.
 12798 | D:11     | Noticed a two-headed ogre
 12810 | D:10     | Reached skill level 11 in Fighting
 12814 | D:11     | Killed a two-headed ogre
 12871 | D:11     | Paralysed by a hornet for 3 turns
 12873 | D:11     | HP: 2/102 [electric eel/bolt of electricity (5)]
 12873 | D:11     | Killed from afar by an electric eel

Illustrated notes

Levels and vault maps discovered:
D:1:      minmay_arrival_checkered_box, layout_loops_ring, minivault_24
D:2:      layout_loops_ring, shapermc_ecumenical_altar_venn,
          guppyfry_early_lair_pool
D:3:      layout_loops_ring, lemuel_crystal_altar, nicolae_vehumet_radiance,
          lemuel_crystal_altar
D:4:      layout_cave_pools, grunt_gozag_breadcrumbs, minmay_cut_off
D:5:      layout_basic, nzn_wu_jian_contemplation, lemuel_round_altar,
          nicolae_uskayaw_murder_on_the_dancefloor, minmay_manual_moon
D:6:      layout_rooms, minmay_temple_entry_proselytizer
D:7:      layout_basic, gammafunk_temple_overflow_wave, grunt_tough_drop
D:8:      layout_basic, lemuel_tele_altar, serial_shops, kennysheep_little_box,
          uniq_prince_ribbit1, uniq_pikel
D:9:      layout_loops_corners, orc_0_dummy, serial_shops, nicolae_shop_crystal,
          minmay_misc_feat_tiny, nicolae_stop_n_shop_1
D:10:     layout_basic
D:11:     kennysheep_town

Skill      XL: |  1  2  3  4  5  6  7  8  9 10 11 |
---------------+----------------------------------+-----
Axes           | 4 5 6 7 8 9 10 | 10.2
Fighting       | 4 5 6 8 9 10 11 | 11.0
Armour         | 3 4 5 7 8 10 | 10.4
Dodging        | 3 4 5 6 8 9 |  9.6
Maces & Flails | 3 4 |  4.4
Shields        | 2 3 |  3.8
Stealth        | |  0.1

Action                   |  1- 3 |  4- 6 |  7- 9 | 10-12 || total
-------------------------+-------+-------+-------+-------++-------
Melee: Hand axe          |    69 |   105 |   186 |       ||   360
       Headbutt          |    19 |    13 |    50 |    40 ||   122
       Battleaxe         |       |       |    55 |    38 ||    93
       Morningstar       |       |       |       |   135 ||   135
Invok: Berserk           |       |     4 |    12 |     2 ||    18
       Trog's Hand       |       |       |     1 |     1 ||     2
       Brothers in Arms  |       |       |       |     1 ||     1
  Use: Scroll            |       |       |       |    13 ||    13
Armor: Animal skin       |     2 |       |       |       ||     2
       Chain mail        |    18 |    63 |   130 |    24 ||   235
       Plate armour      |       |       |       |    33 ||    33
Dodge: Dodged            |    34 |    50 |   127 |    61 ||   272
Block: Buckler           |       |       |    29 |       ||    29
       Kite shield       |       |       |       |    77 ||    77

Table legend: (Time is in decaauts)
 A = Elapsed time spent in this place.
 B = Non-inter-level travel time spent in this place.
 C = Inter-level travel time spent in this place.
 D = Time resting spent in this place.
 E = Time spent auto-exploring this place.
 F = Levels seen in this place.
 G = Mean time per level.
                   A        B        C        D        E       F      G
               +--------+--------+--------+--------+--------+-----+--------+
         Total |  13155 |  12837 |    318 |   2755 |   8684 |  11 | 1195.9 |
       Dungeon |  13155 |  12837 |    318 |   2755 |   8684 |  11 | 1195.9 |
               +--------+--------+--------+--------+--------+-----+--------+

Top non-repeatable levels by time:
     D:5: 2272 daAuts
     D:6: 1726 daAuts
     D:7: 1641 daAuts
     D:3: 1268 daAuts
    D:10: 1194 daAuts
     D:9: 1167 daAuts
     D:8: 1136 daAuts
     D:2: 923 daAuts
     D:4: 893 daAuts
     D:1: 886 daAuts
    D:11: 44 daAuts
